 Dungeon Crawl Stone Soup version 0.30.0-19-g36f170ea60 (webtiles) character file.

Game seed: 6553198832010900649

218 FishyPogo the Insei (level 5, 0/41 HPs)
             Began as a Gnoll Transmuter on May 30, 2023.
             Was an Initiate of Ru.
             Killed from afar by Natasha (9 damage)
             ... with a magic dart
             ... on level 2 of the Dungeon.
             The game lasted 00:14:45 (2443 turns).

FishyPogo the Insei (Gnoll Transmuter)              Turns: 2443, Time: 00:14:46

Health: 0/41       AC:  0    Str: 10    XL:     5   Next: 95%
Magic:  12/12      EV: 22    Int: 14    God:    Ru [......]
Gold:   97         SH:  0    Dex: 17    Spells: 10/14 levels left

rFire   . .          .
                       - Unarmed
rCold   . . .        (shield currently unavailable)
rNeg    . . .        a - melded +0 robe
rPois   .            (helmet currently unavailable)
rElec   .            (cloak currently unavailable)
rCorr   .            (gloves currently unavailable)
SInv    .            (boots currently unavailable)
Will    .....        (no amulet) Stlth
                     h - melded ring of positive energy
HPRegen 0.26/turn    m - melded +5 ring of evasion
MPRegen 0.13/turn

%: no passive effects
@: bat-form, flying, slowed, quick
A: fast, flying, no casting, tiny, (fangs 1), no stealth, strong nose,
distributed training
a: Renounce Religion


You were on level 2 of the Dungeon.
You worshipped Ru.
Ru was noncommittal.
You were a bat.
You visited 1 branch of the dungeon, and saw 3 of its levels.

You collected 97 gold pieces.

Inventory:

Missiles
 k - 13 stones
Armour
 a - a +0 robe (melded)
 p - a +2 cloak of preservation
Jewellery
 h - a ring of positive energy (melded)
 i - a ring of see invisible
 m - a +5 ring of evasion (melded)
Wands
 o - a wand of flame (5)
Scrolls
 c - 3 scrolls of identify {unknown}
 e - a scroll of vulnerability {unknown}
 f - a scroll of fear {unknown}
 l - a scroll of butterflies {unknown}
Potions
 b - a potion of lignification
 d - a potion of curing {unknown}
 g - a potion of ambrosia {unknown}
 j - a potion of attraction {unknown}
 n - a potion of cancellation {unknown}


   Skills:
 + Level 3.1 Fighting
 + Level 1.8 Short Blades
 + Level 1.8 Long Blades
 + Level 1.8 Axes
 + Level 1.8 Maces & Flails
 + Level 1.8 Polearms
 + Level 1.8 Staves
 + Level 1.8 Ranged Weapons
 + Level 1.8 Throwing
 + Level 1.8 Armour
 + Level 4.9 Dodging
   Level 0.0 Stealth
 + Level 1.8 Shields
 + Level 6.8 Unarmed Combat
 + Level 5.3 Spellcasting
 + Level 1.4 Conjurations
 + Level 1.4 Hexes
 + Level 1.4 Summonings
 + Level 1.4 Necromancy
 + Level 1.4 Translocations
 + Level 4.0 Transmutations
 + Level 1.4 Fire Magic
 + Level 1.4 Ice Magic
 + Level 1.4 Air Magic
 + Level 1.4 Earth Magic
 + Level 1.4 Poison Magic
 + Level 2.0 Invocations
 + Level 1.8 Evocations


You had 10 spell levels left.
You knew the following spells:

 Your Spells              Type           Power      Damage    Failure   Level
a - Beastly Appendage     Tmut           30%        N/A       3%          1
b - Spider Form           Tmut/Pois      11%        N/A       17%         3

Your spell library contained the following spells:

 Spells                   Type           Power      Damage    Failure   Level
 Wereblood                Tmut           15%        N/A       4%          2
 Ice Form                 Ice/Tmut       11%        N/A       50%         4


Dungeon Overview and Level Annotations

Branches:
Dungeon (3/15)

Altars:
Ru

Annotations:
D:2 Natasha


Innate Abilities, Weirdness & Mutations

You are a bat.
You are tiny and dextrous.
You move quickly.
You are flying.
Your equipment is almost entirely melded.
You are incapable of wielding weapons or throwing items.
You cannot cast spells.
((You have very sharp teeth.))
You cannot be stealthy.
Your uncanny sense of smell can sniff out nearby items.
Your experience applies equally to all skills.


Message History

Natasha mumbles some strange words.
Natasha's front paws start to glow.
Natasha casts a spell at you. The magic dart hits you.
Natasha zaps a wand.
Your horns disappear.
Your talons disappear.
You turn into a bat.
Your +0 robe melds into your body.
Your ring of positive energy melds into your body.
Your +5 ring of evasion melds into your body.
You hit Natasha.
Natasha is lightly wounded.
Natasha howls an incantation.
Natasha's front paws start to glow.
Natasha misses you.
You barely miss Natasha.
Natasha is lightly wounded.
Natasha claws you! Natasha barely misses you.
You hit Natasha but do no damage.
Natasha is lightly wounded.
Natasha claws you.
You barely miss Natasha.
Natasha is lightly wounded.
Natasha casts a spell.
You hit Natasha but do no damage. Natasha completely misses you.
The cerulean imp hits you with a +0 spear.
Natasha claws you.
You can't do that in your present form.
You hit Natasha but do no damage. The cerulean imp barely misses you.
Natasha barely misses you.
You hit Natasha but do no damage. The cerulean imp barely misses you.
Natasha claws you.
The cerulean imp hits you with a +0 spear.
Natasha closely misses you.
You hit Natasha.
Natasha is lightly wounded.
The cerulean imp completely misses you. Natasha claws you!
* * * LOW HITPOINT WARNING * * *
You closely miss Natasha. The cerulean imp misses you.
Natasha stares at you and mumbles some strange words.
The magic dart hits you!
You die...

########### ####.........#
#.....##.###.###
#.###.#........###########
#.# #....bh...............
#.###.#.5.##...##########.
#.....##.##.....# #..
###.########...## #..
##[..## ##.## #.. #.....#
#.# #.. #.....# #.# #..
#)....# ##'## #.# #>...##
##...## ###


You could see Natasha and a cerulean imp (summoned).

Vanquished Creatures
  Crazy Yiuf (D:2)
  Jessica (D:2)
  Natasha (twice) (D:2)
  5 gnolls
  3 adders (D:2)
  A dart slug (D:2)
  6 ball pythons
  3 bats
  2 endoplasms
  2 giant cockroaches (D:1)
  5 goblins
  4 hobgoblins
  2 kobolds (D:2)
  4 rats
41 creatures vanquished.

Notes
Turn   | Place    | Note
-------+----------+-------------------------------------------
     0 | D:1      | FishyPogo the Gnoll Transmuter began the quest for the Orb.
     0 | D:1      | Reached XP level 1. HP: 17/17 MP: 6/6
    57 | D:1      | Reached XP level 2. HP: 8/23 MP: 7/7
   349 | D:1      | Reached skill level 5 in Spellcasting
   349 | D:1      | Reached XP level 3. HP: 28/28 MP: 6/9
   635 | D:2      | Reached skill level 1 in Invocations
   819 | D:2      | Found a faded altar of an unknown god.
   821 | D:2      | Prayed at the altar of an unknown god.
   821 | D:2      | Became a worshipper of Ru the Awakened
   828 | D:2      | Reached skill level 1 in Short Blades
   828 | D:2      | Reached skill level 1 in Long Blades
   828 | D:2      | Reached skill level 1 in Axes
   828 | D:2      | Reached skill level 1 in Maces & Flails
   828 | D:2      | Reached skill level 1 in Polearms
   828 | D:2      | Reached skill level 1 in Staves
   828 | D:2      | Reached skill level 1 in Ranged Weapons
   828 | D:2      | Reached skill level 1 in Throwing
   828 | D:2      | Reached skill level 1 in Armour
   828 | D:2      | Reached skill level 1 in Stealth
   828 | D:2      | Reached skill level 1 in Shields
   828 | D:2      | Reached skill level 1 in Evocations
   835 | D:2      | Gained mutation: You cannot be stealthy. [Ru sacrifice]
   864 | D:2      | Noticed Jessica
   872 | D:2      | Killed Jessica
   873 | D:2      | Reached XP level 4. HP: 20/34 MP: 11/11
   997 | D:2      | Reached skill level 1 in Conjurations
   997 | D:2      | Reached skill level 1 in Hexes
   997 | D:2      | Reached skill level 1 in Summonings
   997 | D:2      | Reached skill level 1 in Necromancy
   997 | D:2      | Reached skill level 1 in Translocations
   997 | D:2      | Reached skill level 1 in Fire Magic
   997 | D:2      | Reached skill level 1 in Ice Magic
   997 | D:2      | Reached skill level 1 in Air Magic
   997 | D:2      | Reached skill level 1 in Earth Magic
   997 | D:2      | Reached skill level 1 in Poison Magic
  1019 | D:2      | Reached XP level 5. HP: 17/40 MP: 12/12
  1417 | D:2      | Noticed Natasha
  1423 | D:2      | Killed Natasha
  1643 | D:2      | Found a runed translucent door.
  1649 | D:2      | Learned a level 3 spell: Spider Form
  1649 | D:2      | Noticed Crazy Yiuf
  1659 | D:2      | Killed Crazy Yiuf
  1758 | D:2      | Noticed Natasha
  1766 | D:2      | Killed Natasha
  2429 | D:2      | Noticed Natasha
  2443 | D:2      | Killed from afar by Natasha

Illustrated notes

Levels and vault maps discovered:
D:1:      matt_arrival_los_fun, layout_basic, minmay_misc_feat_doors
D:2:      minmay_evil_eye, layout_loops_corners,
          chequers_ecumenical_altar_twisty, uniq_natasha,
          uniq_crazy_yiuf_cottage, uniq_jessica
D:3:      layout_basic, serial_corexii_hall, corexii_hall_statues_l,
          corexii_hall_statues_l, serial_shops, shop

Skill      XL: |  1  2  3  4  5 |
---------------+----------------+-----
Spellcasting   | 5 |  5.3
Invocations    | 1 2 |  2.0
Short Blades   | 1 |  1.8
Long Blades    | 1 |  1.8
Axes           | 1 |  1.8
Maces & Flails | 1 |  1.8
Polearms       | 1 |  1.8
Staves         | 1 |  1.8
Ranged Weapons | 1 |  1.8
Throwing       | 1 |  1.8
Armour         | 1 |  1.8
Stealth        | 0 |  0.0
Shields        | 1 |  1.8
Evocations     | 1 |  1.8
Conjurations   | 1 |  1.4
Hexes          | 1 |  1.4
Summonings     | 1 |  1.4
Necromancy     | 1 |  1.4
Translocations | 1 |  1.4
Fire Magic     | 1 |  1.4
Ice Magic      | 1 |  1.4
Air Magic      | 1 |  1.4
Earth Magic    | 1 |  1.4
Poison Magic   | 1 |  1.4
Fighting       | 3 |  3.1
Transmutations | 4 |  4.0
Dodging        | |  4.9
Unarmed Combat | |  6.8

Action                     |  1- 3 |  4- 6 || total
---------------------------+-------+-------++-------
  Melee: Unarmed           |    68 |    58 ||   126
         Headbutt          |     6 |     6 ||    12
         Bite              |     6 |     4 ||    10
         Kick              |     5 |    10 ||    15
         Punch             |     2 |     3 ||     5
   Cast: Beastly Appendage |    18 |    11 ||    29
         Spider Form       |       |     1 ||     1
 Invoke: Sacrifice Stealth |     1 |       ||     1
    Use: Potion            |       |     2 ||     2
   Stab: Sleeping          |     1 |       ||     1
 Armour: Robe              |    15 |     1 ||    16
  Dodge: Dodged            |    51 |    52 ||   103
